 Dungeon Crawl Stone Soup version 0.21-a0-508-gf08a75f (webtiles) character file.

49 redcow542 the Skirmisher (level 3, -4/30 HPs)
             Began as a Demonspawn Abyssal Knight on Nov 28, 2017.
             Was a Believer of Lugonu.
             Killed by divine providence
             ... invoked by an orc priest
              (8 damage)
             ... on level 3 of the Dungeon.
             The game lasted 00:03:24 (1360 turns).

redcow542 the Skirmisher (DsAK)                     Turns: 1360, Time: 00:03:25

Health: -4/30      AC:  9    Str: 13    XL:     3   Next: 53%
Magic:  4/4        EV: 11    Int: 13    God:    Lugonu [**....]
Gold:   53         SH:  0    Dex: 12    Spells: 2/2 levels left

rFire    . . .     SeeInvis .     - Unarmed
rCold    . . .     Gourm    .   (no shield)
rNeg     . . .     Faith    .   a - +0 leather armour
rPois    .         Spirit   .   (no helmet)
rElec    .         Reflect  .   (no cloak)
rCorr    .         Harm     .   (no gloves)
MR       .....                  (no boots)
Stlth    +.........             (no amulet)
HPRegen  0.10/turn              (no ring)
MPRegen  0.09/turn              (no ring)

@: sanguine armour
A: sanguine armour 1
a: Depart the Abyss, Bend Space, Renounce Religion


You were on level 3 of the Dungeon.
You worshipped Lugonu.
Lugonu was pleased with you.
You were not hungry.

You visited 1 branch of the dungeon, and saw 3 of its levels.
You visited the Abyss 1 time.

You collected 53 gold pieces.

Inventory:

Armour
 a - a +0 leather armour (worn)
Scrolls
 c - a scroll of remove curse {unknown}
 d - a scroll of fear {unknown}
 e - a scroll of immolation {unknown}
 f - a scroll of teleportation {unknown}
 g - a scroll of amnesia {unknown}
 i - a scroll of fog {unknown}
 j - a scroll of identify {unknown}
Comestibles
 b - 3 bread rations
 h - a meat ration


   Skills:
 + Level 3.7 Fighting
 - Level 2.1 Armour
 - Level 1.1 Dodging
 + Level 2.6 Unarmed Combat
 - Level 2.4 Invocations


You had 2 spell levels left.
You didn't know any spells.

Dungeon Overview and Level Annotations

Branches:
Dungeon (2/15)

Altars:


Innate Abilities, Weirdness & Mutations

When seriously injured, your bleeding wounds create armour. (AC +6)


Message History

You hit the hobgoblin.
The hobgoblin is moderately wounded.
The hobgoblin hits you but does no damage.
You closely miss the hobgoblin.
The hobgoblin is moderately wounded.
You barely miss the hobgoblin.
The hobgoblin is moderately wounded.
The orc priest invokes the aid of Beogh against you.
Beogh smites you!
Your blood congeals into armour.
The hobgoblin closely misses you.
The orc hits you with an enchanted hand axe!
* * * LOW HITPOINT WARNING * * *
You completely miss the hobgoblin.
The hobgoblin is moderately wounded.
The hobgoblin closely misses you. The orc hits you but does no damage.
You hit the hobgoblin.
The hobgoblin is almost dead.
The orc priest calls down the wrath of Beogh upon you.
Beogh smites you!
You die...

#. .....
#.####.....
#.........<
#..........
#..........
#.o.o...# #
#.or....#
####.##o......##.
#....g@o.........
#.##.###########.
#


You could see 2 orc priests, 3 orcs, a hobgoblin and a rat.

Vanquished Creatures
  A gnoll (D:1)
  2 dart slugs (D:1)
  A leopard gecko (D:1)
  2 bats (D:1)
  4 giant cockroaches (D:1)
  3 goblins (D:1)
  2 hobgoblins (D:1)
  4 jackals (D:1)
  4 frilled lizards (D:1)
  7 kobolds (D:1)
  4 rats (D:1)
34 creatures vanquished.

Notes
Turn   | Place    | Note
-------+----------+-------------------------------------------
     0 | Abyss:1  | redcow542 the Demonspawn Abyssal Knight began the quest for the Orb.
     0 | Abyss:1  | Reached XP level 1. HP: 18/18 MP: 2/2
    42 | Abyss:1  | Noticed a five-headed hydra simulacrum
    51 | Abyss:1  | Noticed a ynoxinul
    53 | D:1      | Escaped the Abyss
    96 | D:1      | Reached skill level 1 in Dodging
   209 | D:1      | Reached * piety under Lugonu
   270 | D:1      | Gained mutation: When seriously injured, your bleeding wounds create armour. (AC +6) [demonic ancestry]
   270 | D:1      | Reached XP level 2. HP: 6/24 MP: 3/3
   884 | D:1      | Reached XP level 3. HP: 28/29 MP: 4/4
  1307 | D:1      | Reached ** piety under Lugonu
  1351 | D:2      | You fall through a shaft!
  1360 | D:3      | Killed from afar by an orc priest

Vault maps used:
D:1:      tarquinn_simple_flora_water_c
D:2:      kennysheep_the_goblin_king, marbit_many_paths,
          kennysheep_okawaru_gauntlet, chequers_ecumenical_altar_lobes,
          uniq_crazy_yiuf_cottage, uniq_natasha
D:3:      old_standard_altar, first_bread

Skill      XL: |  1  2 |
---------------+-------+-----
Dodging        | 1 |  1.1
Armour         | 2 |  2.1
Unarmed Combat | 2 |  2.6
Fighting       | |  3.7
Invocations    | |  2.4

Action                   || total
-------------------------++-------
Melee: Unarmed           ||   210
       Punch             ||     1
Invok: Depart the Abyss  ||     1
  Eat: Bread ration      ||     1
Armor: Leather armour    ||    85
Dodge: Dodged            ||   126

Table legend:
 A = Spawn XP
 B = Non-spawn XP
 C = Spawn XP percentage of total XP
 D = Spawn monster count
 E = Non-spawn monster count
 F = Spawn count percentage of total count
 G = Total turns spent on level
                    A         B        C        D         E        F      G
               +---------+---------+-------+---------+---------+-------+---------
         Total |       0 |      71 |   0.0 |       0 |      34 |   0.0 |  1360
               +---------+---------+-------+---------+---------+-------+---------
           D:1 |       0 |      71 |   0.0 |       0 |      34 |   0.0 |  1287
               +---------+---------+-------+---------+---------+-------+---------
